 Dungeon Crawl Stone Soup version 0.26.1-2-gb8aa6d0cf2 (webtiles) character file.

Game seed: 2992824221993759230

21 gingerogre1 the Magician (level 2, -2/26 HPs)
             Began as a Gnoll Wanderer on Feb 22, 2021.
             Slain by a quokka (4 damage)
             ... on level 2 of the Dungeon.
             The game lasted 00:05:45 (763 turns).

gingerogre1 the Magician (Gnoll Wanderer)            Turns: 763, Time: 00:05:46

Health: -2/26      AC:  3    Str: 14    XL:     2   Next: 83%
Magic:  7/7        EV: 12    Int: 14    God:
Gold:   78         SH:  0    Dex: 14    Spells: 10/10 levels left

rFire    . . .     SeeInvis .   a - +2 dagger
rCold    . . .     Faith    .   (no shield)
rNeg     . . .     Spirit   .   o - +0 leather armour
rPois    .         Reflect  .   (no helmet)
rElec    .         Harm     .   (no cloak)
rCorr    .         Rampage  .   (no gloves)
Will     .....                  (no boots)
Stlth    ++........             (no amulet)
HPRegen  0.08/turn              (no ring)
MPRegen  0.10/turn              (no ring)

@: no status effects
A: distributed training, fangs 1, strong nose
a: no special abilities


You were on level 2 of the Dungeon.
You visited 1 branch of the dungeon, and saw 2 of its levels.

You collected 78 gold pieces.

Inventory:

Hand Weapons
 a - a +2 dagger (weapon)
 e - a +0 dagger
 n - a cursed +0 hunting sling
Missiles
 d - 11 poisoned darts (quivered)
 i - 6 atropa-tipped darts
Armour
 f - a +0 robe
 o - a +0 leather armour (worn)
Scrolls
 b - a scroll of blinking
 j - a scroll of enchant weapon {unknown}
 l - a scroll of remove curse {unknown}
Potions
 g - 2 potions of attraction {unknown}
 h - a potion of heal wounds {unknown}
 k - a potion of degeneration {unknown}
 m - 2 potions of flight {unknown}


   Skills:
 + Level 4.5 Fighting
 + Level 0.5 Short Blades
 + Level 0.5 Long Blades
 + Level 0.5 Axes
 + Level 0.5 Maces & Flails
 + Level 0.5 Polearms
 + Level 0.5 Staves
 + Level 0.5 Slings
 + Level 0.5 Bows
 + Level 0.5 Crossbows
 + Level 2.5 Throwing
 + Level 0.5 Armour
 + Level 2.5 Dodging
 + Level 2.3 Stealth
 + Level 0.5 Shields
 + Level 0.5 Unarmed Combat
 + Level 4.9 Spellcasting
 + Level 2.0 Conjurations
 + Level 0.3 Hexes
 + Level 0.3 Summonings
 + Level 0.3 Necromancy
 + Level 0.3 Translocations
 + Level 3.7 Transmutations
 + Level 0.3 Fire Magic
 + Level 0.3 Ice Magic
 + Level 0.3 Air Magic
 + Level 0.3 Earth Magic
 + Level 0.3 Poison Magic
 + Level 0.6 Invocations
 + Level 0.5 Evocations


You had 10 spell levels left.
You didn't know any spells.
Your spell library contained the following spells:

 Spells                   Type           Power        Failure   Level
 Wereblood                Tmut           13%          8%          2
 Passwall                 Tmut/Erth      7%           14%         2


Dungeon Overview and Level Annotations

Branches:
Dungeon (2/15)

Altars:


Innate Abilities, Weirdness & Mutations

Your experience applies equally to all skills.
You have very sharp teeth.
Your uncanny sense of smell can sniff out nearby items.


Message History

The quokka barely misses you. The quokka closely misses you.
You hit the quokka.
The quokka is severely wounded.
The quokka bites you.
You hit the quokka but do no damage.
The quokka is severely wounded.
The quokka bites you.
* * * LOW HITPOINT WARNING * * *
You hit the quokka but do no damage.
The quokka is severely wounded.
The quokka bites you.
* * * LOW HITPOINT WARNING * * *
You closely miss the quokka.
The quokka is severely wounded.
The quokka bites you.
* * * LOW HITPOINT WARNING * * *
You hit the quokka.
The quokka is almost dead.
The quokka bites you.
You die...

....... ..... ∆
..... ... ∆ ...
.## #.# ..# #r#
#.# #@# #.# #.#
#.## #.# #.>#
###.#
######†.###...#
####...........###
.....####..#####
.....# #.....
.†.[.# #......#


You could see a quokka.

Vanquished Creatures
  An ooze (D:2)
  3 ball pythons (D:1)
  2 bats (D:1)
  4 jackals (D:1)
  A kobold (D:1)
  2 frilled lizards
  4 rats
17 creatures vanquished.

Notes
Turn   | Place    | Note
-------+----------+-------------------------------------------
     0 | D:1      | gingerogre1 the Gnoll Wanderer began the quest for the Orb.
     0 | D:1      | gingerogre1 set off with the following items: a +2 dagger,
                  | a scroll of blinking, 11 poisoned darts, a +0 dagger, a +0
                  | robe; and the following spells available to memorise:
                  | Wereblood, Passwall
     0 | D:1      | Reached XP level 1. HP: 20/20 MP: 6/6
   287 | D:1      | Reached XP level 2. HP: 26/26 MP: 7/7
   763 | D:2      | Slain by a quokka

Illustrated notes

Levels and vault maps discovered:
D:1:      dpeg_arrival_connections, layout_basic, minivault_14,
          hangedman_decor_growths
D:2:      layout_rooms, nemelex_altar_shiori, general_overflow_altar,
          xom_butterflies, uniq_crazy_yiuf_cottage, uniq_natasha

Skill      XL: |  1 |
---------------+----+-----
Conjurations   | 2 |  2.0
Fighting       | |  4.5
Short Blades   | |  0.5
Long Blades    | |  0.5
Axes           | |  0.5
Maces & Flails | |  0.5
Polearms       | |  0.5
Staves         | |  0.5
Slings         | |  0.5
Bows           | |  0.5
Crossbows      | |  0.5
Throwing       | |  2.5
Armour         | |  0.5
Dodging        | |  2.5
Stealth        | |  2.3
Shields        | |  0.5
Unarmed Combat | |  0.5
Spellcasting   | |  4.9
Hexes          | |  0.3
Summonings     | |  0.3
Necromancy     | |  0.3
Translocations | |  0.3
Transmutations | |  3.7
Fire Magic     | |  0.3
Ice Magic      | |  0.3
Air Magic      | |  0.3
Earth Magic    | |  0.3
Poison Magic   | |  0.3
Invocations    | |  0.6
Evocations     | |  0.5

Action                   || total
-------------------------++-------
Melee: Dagger            ||    50
       Bite              ||     1
 Stab: Sleeping          ||     2
Armor: Robe              ||     3
       Leather armour    ||     1
Dodge: Dodged            ||    40
